 Dungeon Crawl Stone Soup version 0.19-a0-1893-ge087f11 (webtiles) character file.

1230 Dfrag the Basher (level 8, -5/78 HPs)
             Began as a Minotaur Berserker on Dec 7, 2016.
             Was a Believer of Trog.
             Slain by a gnoll
             ... wielding a +0 spear
              (10 damage)
             ... on level 5 of the Dungeon.
             The game lasted 00:04:58 (3558 turns).

Dfrag the Basher (Minotaur Berserker)               Turns: 3558, Time: 00:04:58

Health: -5/78      AC:  5    Str: 21    XL:     8   Next: 24%
Magic:  0/7        EV: 12    Int:  5    God:    Trog [**....]
Gold:   186        SH:  3    Dex: 12    Spells: 7/7 levels left

rFire  . . .     SeeInvis .     a - +0 mace
rCold  . . .     Faith    .     b - +0 animal skin
rNeg   . . .     Spirit   +     (no shield)
rPois  .         Reflect  +     j - +2 hat {Spirit}
rElec  .                        (no cloak)
rCorr  .                        (no gloves)
MR     .....                    p - +0 pair of boots
Stlth  +.........               m - +3 amulet of reflection
                                (no ring)
                                (no ring)

@: exhausted, about to teleport, slowed, very slow
A: retaliatory headbutt, horns 2
a: Berserk, Trog's Hand, Burn Spellbooks, Renounce Religion


You were on level 5 of the Dungeon.
You worshipped Trog.
Trog was pleased with you.
You were not hungry.

You visited 1 branch of the dungeon, and saw 5 of its levels.

You collected 186 gold pieces.

Inventory:

Hand Weapons
 a - a +0 mace (weapon)
 t - a cursed -1 spear
Armour
 b - a +0 animal skin (worn)
 j - a +2 hat of spirit shield (worn)
 p - a +0 pair of boots (worn)
Jewellery
 m - a +3 amulet of reflection (around neck)
 s - an uncursed amulet of faith
Wands
 l - a wand of paralysis (14/24)
Scrolls
 c - 3 scrolls of identify {unknown}
 d - 3 scrolls of amnesia {unknown}
 e - 3 scrolls of enchant weapon {unknown}
 g - 4 scrolls of remove curse {unknown}
 h - a scroll of recharging {unknown}
 i - 3 scrolls of noise {unknown}
 k - a scroll of enchant armour {unknown}
Potions
 f - a potion of mutation {unknown}
 n - a potion of berserk rage {unknown}
 o - a potion of might {unknown}
 q - a potion of lignification {unknown}
Books
 r - a book of Battle

   Spells                             Type                      Level
   a - Infusion                       Charms                       1
   b - Shroud of Golubria             Charms/Translocation         2
   c - Song of Slaying                Charms                       2
   d - Spectral Weapon                Hexes/Charms                 3
   e - Regeneration                   Charms/Necromancy            3
   Trog disapproves of the use of such an item.
 u - a book of Party Tricks

   Spells                             Type                      Level
   a - Summon Butterflies             Summoning                    1
   b - Apportation                    Translocation                1
   c - Lesser Beckoning               Translocation                3
   d - Tukima's Dance                 Hexes                        3
   e - Alistair's Intoxication        Transmutation/Poison         5
   f - Invisibility                   Hexes                        6
   Trog disapproves of the use of such an item.


   Skills:
 + Level 9.1 Fighting
 + Level 9.2 Maces & Flails
 - Level 2.4 Armour
 - Level 2.1 Dodging


You had 7 spell levels left.
You didn't know any spells.

Dungeon Overview and Level Annotations

Branches:
Dungeon (5/15)             Temple (0/1) D:3
   Lair: D:-1         Crypt: Vaults:-1     Tomb: Vaults:-1

Altars:
Ru
The Shining One


Innate Abilities, Weirdness & Mutations

You reflexively headbutt those who attack you in melee.
You have a pair of horns on your head.


Message History

The gnoll barely misses you.
Items here: ))) [ ††† You feel a strong urge to attack something.
The gnoll closely misses you. You block the gnoll's attack. x2
Things that are here:
a whip; a leather armour; a gnoll corpse You sock the gnoll (7)!
The gnoll is heavily wounded.
The gnoll hits you from afar with a spear of distortion (7)!
* * * LOW HITPOINT WARNING * * *
You feel strangely unstable.
You hit the gnoll (3). You headbutt the gnoll (3).
You kill the gnoll!
Trog accepts your kill. The gnoll barely misses you.
You are no longer berserk.
You are exhausted.
You feel yourself slow down. You block the gnoll's attack.
The gnoll hits you from afar with a spear (11)!
You die...

###############
#.....)@)'....#+#
######'###....#.#
g....ggg#.#....#.#
.g...ggg#.##'###.#
........#.#...)..#
........+.#...)..#
######################.#
....#....#...........#.#
...'....'...........))#
≈≈≈...


You could see 6 gnolls.

Vanquished Creatures
  An angry ghost (D:4)
  An ice beast (D:5)
  A phantom (D:4)
  An ogre (D:5)
  A scorpion (D:5)
  3 crimson imps
  3 hounds (D:4)
  A bullfrog zombie (D:5)
  3 gnoll shamans (D:5)
  An orc wizard (D:3)
  3 worker ants
  A killer bee zombie (D:5)
  5 adders
  24 gnolls
  2 oozes
  2 dart slugs (D:1)
  A leopard gecko (D:2)
  6 orcs (D:4)
  2 ball pythons
  5 bats
  5 giant cockroaches
  8 goblins
  4 hobgoblins
  10 jackals
  4 kobolds
  2 quokkas (D:4)
  3 frilled lizards (D:3)
  5 rats
108 creatures vanquished.

Notes
Turn   | Place    | Note
-------+----------+-------------------------------------------
     0 | D:1      | Dfrag the Minotaur Berserker began the quest for the Orb.
     0 | D:1      | Reached XP level 1. HP: 19/19 MP: 0/0
   137 | D:1      | Found a glowing golden altar of the Shining One.
   138 | D:1      | Reached XP level 2. HP: 27/27 MP: 1/1
   707 | D:2      | Reached XP level 3. HP: 32/34 MP: 2/2
  1169 | D:2      | Reached ** piety under Trog
  1511 | D:3      | Reached skill level 5 in Fighting
  1511 | D:3      | Reached skill level 5 in Maces & Flails
  1511 | D:3      | Reached XP level 4. HP: 25/42 MP: 3/3
  1621 | D:3      | Found a staircase to the Ecumenical Temple.
  1780 | D:3      | Found a sacrificial altar of Ru.
  1810 | D:3      | Reached XP level 5. HP: 44/48 MP: 4/4
  2227 | D:4      | Noticed a phantom
  2245 | D:4      | Killed a phantom
  2366 | D:4      | Noticed an angry ghost
  2378 | D:4      | Reached XP level 6. HP: 29/57 MP: 5/5
  2388 | D:4      | Killed an angry ghost
  2724 | D:4      | Reached XP level 7. HP: 50/66 MP: 6/6
  2966 | D:5      | Entered Level 5 of the Dungeon
  3463 | D:5      | Reached XP level 8. HP: 59/75 MP: 2/7
  3558 | D:5      | Slain by a gnoll

Vault maps used:
D:1:      evilmike_arrival_hilbert_curve, tso_altar
D:2:      minmay_door_path
D:3:      first_bread, nicolae_ru_great_annihilating_truth
D:4:      item_on_display_a
D:5:      lemuel_castle_with_subvaults

Skill      XL: |  1  2  3  4  5  6  7  8 |
---------------+-------------------------+-----
Fighting       | 4 5 6 7 8 9 |  9.1
Maces & Flails | 4 5 6 7 8 9 |  9.2
Armour         | |  2.4
Dodging        | |  2.1

Action                   |  1- 3 |  4- 6 |  7- 9 || total
-------------------------+-------+-------+-------++-------
Melee: Mace              |    72 |   111 |   118 ||   301
       Headbutt          |    11 |    15 |    21 ||    47
Invok: Berserk           |       |     2 |     4 ||     6
       Trog's Hand       |       |     1 |       ||     1
 Stab: Paralysed         |       |     1 |       ||     1
       Sleeping          |       |     1 |       ||     1
Armor: Animal skin       |    14 |    26 |    23 ||    63
Dodge: Dodged            |    38 |    62 |    75 ||   175
Block: Other             |       |    19 |    16 ||    35
